Map: Inside and Out

Players

lexsendme - Winner!

  • Race: Terran Terran
  • League: Diamond
  • Spawn Location: 1:00

MattBarry

  • Race: Zerg Zerg
  • League: Silver
  • Spawn Location: 7:00

VOD

Have the link to the VOD?

Description

Time

  • Played on: Jan. 19, 2023, 2:54 a.m.
  • Length: 11:20
Show
View Real Time Build Order
Export as new Build Order

lexsendme Terran - Winner!

Build Orders:  

Get SALT Encoding   

  12  0:00  SCV  
  13  0:12  SCV  
  14  0:17  Supply Depot  
  14  0:24  SCV  
  15  0:39  SCV  
  15  0:40  Barracks  
  16  0:45  Refinery  
  16  0:51  SCV  
  17  1:03  SCV  
  18  1:15  SCV  
  19  1:28  Orbital Command, Barracks Reactor  
  19  1:40  Command Center  
  19  1:50  Bunker  
  19  1:54  SCV  
  19  2:01  Supply Depot  
  20  2:04  Marine x2  
  22  2:11  SCV  
  23  2:22  Marine x2  
  25  2:23  SCV  
  25  2:25  Factory  
  26  2:35  Refinery  
  26  2:36  SCV  
  27  2:40  Marine x2  
  29  2:51  SCV  
  30  2:53  Orbital Command  
  30  2:58  Supply Depot  
  30  3:10  SCV  
  30  3:11  Marine  
  32  3:17  Starport  
  32  3:20  Hellion  
  32  3:21  Hellion  
  36  3:29  Supply Depot  
  36  3:30  Armory  
  36  3:31  Marine  
  37  3:37  SCV x2  
  39  3:50  Marine, SCV x2  
  42  4:04  Medivac  
  42  4:06  Supply Depot  
  44  4:12  Hellion x2  
  44  4:15  Fusion Core  
  44  4:16  SCV x2  
  50  4:18  Marine  
  51  4:32  Supply Depot  
  51  4:33  SCV x2  
  53  4:40  Hellion x2  
  57  4:47  SCV x2  
  57  4:51  Starport Tech Lab  
  57  4:52  Barracks Tech Lab  
  59  4:54  Supply Depot  
  59  5:17  Battlecruiser  
  59  5:25  Siege Tank  
  58  5:31  SCV x2  
  60  5:36  Refinery  
  60  5:38  Command Center, Refinery  
  59  5:43  SCV  
  59  5:44  SCV  
  59  5:47  Marine  
  53  5:55  SCV  
  53  5:56  SCV  
  55  6:05  Marine  
  55  6:07  SCV  
  55  6:08  SCV  
  58  6:15  Barracks  
  58  6:18  Barracks  
  58  6:19  SCV  
  58  6:20  SCV  
  58  6:22  Barracks x2  
  58  6:24  Barracks x2  
  60  6:26  Barracks  
  60  6:33  Battlecruiser  
  60  6:34  Thor  
  72  6:42  SCV x2  
  74  6:47  Barracks Tech Lab  
  74  6:50  Orbital Command  
  74  6:55  Supply Depot  
  74  7:00  SCV x2  
  76  7:08  Stimpack  
  76  7:10  Barracks Tech Lab, Barracks Reactor  
  76  7:12  Barracks Tech Lab, Barracks Reactor  
  76  7:13  Barracks Reactor  
  76  7:18  Orbital Command  
  76  7:20  Siege Tank  
  79  7:29  Supply Depot  
  79  7:32  Marauder x3  
  79  7:34  Concussive Shells, Combat Shield  
  79  7:40  Engineering Bay  
  79  7:47  Engineering Bay  
  79  8:03  Supply Depot  
  79  8:08  Terran Infantry Weapons Level 1  
  79  8:12  Barracks Reactor  
  79  8:13  Marine x4, Marauder  
  79  8:14  Marine x2  
  79  8:17  Supply Depot x2, Marine, Marauder  
  90  8:20  SCV  
  90  8:22  SCV x2  
  93  8:31  Marine x2  
  93  8:32  Marine x2, SCV  
  93  8:33  Marine  
  93  8:34  SCV x2  
  100  8:35  Marauder x2  
  99  8:44  SCV  
  99  8:46  SCV x2  
  102  8:54  Marine, Marauder  
  103  8:56  SCV  
  103  8:58  Marine x2, SCV  
  103  8:59  Marine x6, Marauder  
  115  9:08  SCV  
  116  9:12  Marine  
  116  9:13  Refinery  
  116  9:15  Bunker  
  116  9:16  Marine x4, Marauder  
  116  9:17  Marine, Medivac x2  
  122  9:18  Marauder  
  122  9:20  Marine, Marauder  
  122  9:23  Marine  
  134  9:28  Command Center  
  134  9:29  Thor  
  134  9:30  Refinery  
  140  9:31  Marine  
  141  9:39  Supply Depot, Marine x3  
  141  9:40  Marauder x2  
  141  9:41  Marauder  
  150  9:47  Medivac x2  
  154  10:00  Marine x2  
  154  10:01  Marine x3, Marauder x2  
  154  10:02  Marine x2  
  154  10:03  Sensor Tower  
  165  10:09  Sensor Tower  
  165  10:10  Supply Depot  
  165  10:13  Supply Depot  
  165  10:14  Supply Depot  
  165  10:31  Marine x4  
  165  10:32  Marauder, Medivac  
  165  10:34  Marine, Medivac  
  165  10:35  Marauder x2  
  180  10:40  Marine x3  
  183  10:53  Marine x5, Marauder  
  183  10:56  Marauder x2  
  194  10:58  Marine x2  
  194  11:02  SCV x3  
Show
View Real Time Build Order
Export as new Build Order

MattBarry Zerg 

Build Orders: Hatch First 

Get SALT Encoding   

  12  0:00  Drone  
  13  0:13  Overlord  
  13  0:17  Drone  
  14  0:31  Drone x2  
  16  0:44  Drone  
  17  0:54  Hatchery  
  16  0:58  Extractor  
  15  1:11  Spawning Pool  
  15  1:13  Drone  
  15  1:17  Drone  
  16  1:21  Drone  
  17  1:29  Drone  
  18  1:58  Zergling x6  
  21  2:02  Metabolic Boost  
  21  2:06  Drone  
  21  2:07  Queen  
  24  2:10  Queen  
  26  2:15  Drone  
  27  2:23  Drone  
  27  2:28  Overlord  
  28  2:36  Extractor  
  27  2:40  Evolution Chamber, Extractor  
  25  2:46  Spine Crawler  
  24  3:03  Drone x5  
  24  3:04  Drone  
  30  3:28  Zergling x6, Overlord  
  30  3:29  Extractor  
  32  3:34  Zerg Ground Armor Level 1  
  32  3:35  Roach Warren  
  31  3:50  Queen  
  33  3:55  Drone  
  33  3:56  Zergling x2, Drone x4  
  39  4:09  Drone, Overlord  
  40  4:15  Spore Crawler  
  40  4:16  Spore Crawler  
  38  4:19  Lair  
  38  4:28  Drone  
  38  4:29  Drone x4  
  43  4:47  Drone x3  
  43  4:48  Drone, Overlord x2  
  43  4:52  Roach  
  49  4:58  Spine Crawler  
  48  5:05  Queen  
  41  5:24  Zergling x14  
  41  5:25  Zergling x6  
  51  5:33  Zergling x2  
  51  5:34  Roach  
  50  5:58  Overlord x3  
  50  6:00  Overlord  
  50  6:01  Overlord  
  50  6:04  Glial Reconstitution  
  48  6:21  Queen  
  48  6:23  Queen  
  52  6:29  Hatchery  
  45  7:07  Spore Crawler  
  34  7:19  Spore Crawler  
  34  7:20  Queen  
  34  7:34  Baneling Nest  
  34  7:36  Roach x5  
  43  7:39  Queen  
  43  7:42  Queen  
  45  8:10  Spore Crawler  
  45  8:12  Spore Crawler  
  37  8:29  Overlord x2  
  37  8:30  Zergling x2, Overlord  
  37  8:31  Zergling x12  
  44  8:40  Drone  
  45  8:51  Drone x2  
  44  9:00  Spore Crawler  
  40  9:25  Queen  
  42  9:37  Drone  
  43  9:44  Drone  
  44  9:50  Drone  
  45  10:20  Spore Crawler, Drone x3  
  47  10:22  Drone  
  47  10:24  Spore Crawler  
  47  10:25  Spore Crawler, Drone  
  46  10:38  Roach  
  46  10:39  Roach  
  50  10:45  Roach  
  50  10:48  Drone  
  50  10:49  Drone  
  54  10:50  Drone  
  51  10:58  Baneling x4  
  51  10:59  Baneling  
Tags
 
Matchup
TvZ
Replay Pack
Multiplayer
Spawn Locations
Cross Positions
Add a new tag
Caveats
  • Supply blocks, unpowered buildings, or Contaminate may cause inaccurate times.
  • Supply counts are checked every 10 seconds.